 Dungeon Crawl Stone Soup version 0.31-a0-881-ge136f0c47a (webtiles) character file.

Game seed: 2901114994485900867

6189 redmage the Grappler (level 10, -7/92 HPs)
             Began as a Troll Shapeshifter on Oct 15, 2023.
             Was an Initiate of Gozag.
             Mangled by a two-headed ogre
             ... wielding a +0 giant club
              (17 damage)
             ... on level 11 of the Dungeon on Oct 16, 2023.
             The game lasted 00:30:02 (6038 turns).

redmage the Grappler (Troll Shapeshifter)           Turns: 6038, Time: 00:30:02

Health: -7/92      AC:  8    Str: 26    XL:     10   Next: 60%
Magic:  9/9        EV: 10    Int:  6    God:    Gozag
Gold:   1032       SH:  5    Dex: 11    Spells: 8/9 levels left

rFire   . .          .
                       - Unarmed
rCold   + . .        (no shield)
rNeg    . . .        a - +0 animal skin
rPois   .            (helmet currently unavailable)
rElec   .            (cloak currently unavailable)
rCorr   .            (gloves unavailable)
SInv    .            (boots unavailable)
Will    .....        s - amulet of reflection
Stlth   +            h - +4 ring of protection
HPRegen 1.15/turn    t - ring of protection from cold
MPRegen 0.11/turn

%: reflection
@: beast-form, gold aura
A: beast (slay +4), large, unfitting armour, claws 3, regeneration 1, shaggy fur
1, tough skin 1
a: Begin Untransformation, Renounce Religion, Potion Petition, Call Merchant,
Bribe Branch


You were on level 11 of the Dungeon.
You worshipped Gozag.
Gozag was most pleased with you.
You were a hulking beast.
You visited 2 branches of the dungeon, and saw 12 of its levels.
You also visited: Ossuary.

You collected 1104 gold pieces.
You paid 72 gold pieces to Gozag.

Inventory:

Missiles
 u - a curare-tipped dart
Armour
 a - a +0 animal skin (worn)
Jewellery
 d - a ring of magical power
 h - a +4 ring of protection (left claw)
 s - an amulet of reflection (around neck)
 t - a ring of protection from cold (right claw)
 v - a ring of wizardry
Talismans
 c - a beast talisman (active)
 w - a blade talisman
Wands
 o - a wand of flame (24)
 x - a wand of charming (13)
 y - a wand of digging (6)
 E - a wand of quicksilver (6)
Scrolls
 e - 3 scrolls of fog
 f - 2 scrolls of revelation
 g - 3 scrolls of immolation
 i - a scroll of noise
 j - 2 scrolls of fear
 k - a scroll of silence
 n - a scroll of butterflies
Potions
 b - 2 potions of lignification
 l - 4 potions of heal wounds
 m - 7 potions of curing
 p - 2 potions of mutation {unknown}
 q - 2 potions of enlightenment {unknown}
 r - 2 potions of resistance
 z - a potion of ambrosia
 A - a potion of berserk rage
 B - a potion of invisibility {unknown}
 C - 2 potions of might {unknown}


   Skills:
 + Level 3.7 Fighting
 + Level 4.0 Dodging
 * Level 12.4 Unarmed Combat
 + Level 8.5 Shapeshifting


You had 8 spell levels left.
You knew the following spells:

 Your Spells              Type           Power      Damage    Failure   Level
q - Apportation           Tloc           0%         N/A       45%         1

Your spell library contained the following spells:

 Spells                   Type           Power      Damage    Failure   Level
 Freeze                   Ice            0%         1d3       45%         1
 Ensorcelled Hibernation  Hex/Ice        0%         N/A       58%         2
 Jinxbite                 Hex            0%         N/A       58%         2
 Ozocubu's Armour         Ice            0%         N/A       83%         3
 Anguish                  Hex/Necr       0%         N/A       99%         4
 Summon Ice Beast         Ice/Summ       0%         N/A       99%         4
 Alistair's Intoxication  Tmut/Pois      0%         N/A       100%        5
 Yara's Violent Unravell  Hex/Tmut       0%         3d3       100%        5


Dungeon Overview and Level Annotations

Branches:
Dungeon (11/15)            Temple (1/1) D:5            Lair (0/5) D:9
Ossuary (visited)
    Orc: D:9-12

Altars:
Ashenzari
Cheibriados
Dithmenos
Elyvilon
Fedhas
Gozag
Hepliaklqana
Kikubaaqudgha
Makhleb
Nemelex Xobeh
Okawaru
Qazlal
Ru
Sif Muna
Trog
Uskayaw
Vehumet
Yredelemnul
Zin
The Shining One

Shops:
D:10 (

Annotations:
D:3 2 transporters, kd29's ghost, amateur DrCj
D:5 2 runed translucent doors, deremet's ghost, weakling GnDe


Innate Abilities, Weirdness & Mutations

You are a hulking beast.
Your limbs bulge with bestial killing power. (Slay +4)
You are too large for most types of armour.
You have claws for hands.
Your natural rate of healing is unusually fast.
You are covered in fur. (AC +1)
You have tough skin. (AC +1)


Message History

You mangle the howler monkey!!
You kill the howler monkey!
You claw the yak!
The yak is moderately wounded.
You block the yak's attack.
You claw the yak!
The yak is severely wounded.
You hear a bellow!
You scratch the yak.
The yak is almost dead.
The yak is distracted by your dazzling golden aura.
The yak bellows!
You scratch the yak.
The yak is no longer distracted by gold.
The yak is almost dead.
You hear a bellow!
The yak gores you!
The two-headed ogre hits you with a +0 giant club! x2
You claw the two-headed ogre!
The two-headed ogre is moderately wounded.
You block the yak's attack.
Unknown command.
You claw the two-headed ogre!
The two-headed ogre is heavily wounded.
The two-headed ogre hits you with a +0 giant club! x2
* * * LOW HITPOINT WARNING * * *
Unknown command.
You closely miss the two-headed ogre.
The two-headed ogre is heavily wounded.
You block the yak's attack.
Unknown command.
You barely miss the two-headed ogre.
The two-headed ogre is heavily wounded.
The yak misses you.
The yak is distracted by your dazzling golden aura.
The two-headed ogre hits you with a +0 giant club!
* * * LOW HITPOINT WARNING * * *
The two-headed ogre hits you with a +0 giant club!
You die...
Your body crumbles into a pile of gold.

... . .. .. .. ##
. .#. .# ......
##.## ....#.#
....####.
......Y###.#).....
.....YOh..........
......$..#<.##...
......#.....#
.#....#.##....
##.....##.###..
...^....[.. ..#
###..#.....## .#
##.#...... # ....


You could see a two-headed ogre and 2 yaks.

Vanquished Creatures
  A two-headed ogre (D:8)
  A kobold demonologist (D:9)
  A komodo dragon (D:9)
  5 yaks (D:9)
  A steam dragon (D:7)
  An acid dragon (D:9)
  A water moccasin (D:8)
  3 orc warriors
  3 ogres (D:6)
  A black bear (D:6)
  2 centaurs
  A phantom (D:6)
  4 kobold brigands
  Blork the orc (D:6)
  4 bullfrogs
  A gnoll sergeant (D:10)
  11 scorpions
  A killer bee (D:9)
  17 howler monkeys
  2 centaur zombies (Ossuary)
  5 jellies
  2 human zombies (Ossuary)
  6 hounds
  A sleepcap (D:5)
  2 iguanas
  4 scorpion zombies (Ossuary)
  9 orc wizards
  3 mummies (Ossuary)
  13 gnolls
  6 adders
  A white imp (D:8)
  2 ufetubi (D:6)
  A worm (D:4)
  2 dart slugs
  26 orcs
  2 ball pythons (D:4)
  2 endoplasms
  3 goblins (D:4)
  7 hobgoblins
  2 quokkas (D:1)
  2 bats (D:1)
  A gnoll zombie (Ossuary)
  4 goblin zombies (Ossuary)
  3 hobgoblin zombies (Ossuary)
  18 kobolds
  A kobold zombie (Ossuary)
190 creatures vanquished.

Notes
Turn   | Place    | Note
-------+----------+-------------------------------------------
     0 | D:1      | redmage the Troll Shapeshifter began the quest for the Orb.
     0 | D:1      | Reached XP level 1. HP: 18/18 MP: 0/0
   561 | D:1      | Reached XP level 2. HP: 26/26 MP: 1/1
   723 | D:2      | Found a faded altar of an unknown god.
   728 | D:2      | Got a resplendent book
   969 | D:3      | Reached XP level 3. HP: 30/32 MP: 2/2
   996 | D:3      | Found a transporter.
  1009 | D:3      | Found a transporter.
  1012 | D:3      | Noticed kd29's ghost (amateur DrCj)
  1111 | D:4      | Reached skill level 4 in Unarmed Combat
  1241 | D:4      | Reached XP level 4. HP: 19/40 MP: 3/3
  1329 | D:4      | Reached skill level 5 in Unarmed Combat
  1329 | D:4      | Reached XP level 5. HP: 46/46 MP: 4/4
  1423 | D:4      | Found a glowing golden altar of the Shining One.
  1866 | D:4      | Found a snail-covered altar of Cheibriados.
  1867 | D:4      | Found a basalt altar of Yredelemnul.
  1988 | D:5      | Entered Level 5 of the Dungeon
  2057 | D:5      | Reached XP level 6. HP: 27/54 MP: 5/5
  2064 | D:5      | Reached skill level 6 in Unarmed Combat
  2087 | D:5      | Reached XP level 7. HP: 23/61 MP: 6/6
  2091 | D:5      | Reached skill level 5 in Shapeshifting
  2106 | D:5      | Reached skill level 7 in Unarmed Combat
  2174 | D:5      | Found a large runed translucent door.
  2174 | D:5      | Found a large runed translucent door.
  2189 | D:5      | Found a sand-covered staircase.
  2249 | Ossuary  | Entered an ossuary
  2336 | Ossuary  | Reached skill level 8 in Unarmed Combat
  2341 | Ossuary  | Reached XP level 8. HP: 53/68 MP: 7/7
  2465 | Ossuary  | Reached skill level 9 in Unarmed Combat
  2690 | D:5      | Noticed deremet's ghost (weakling GnDe)
  2780 | D:5      | Found a staircase to the Ecumenical Temple.
  2785 | Temple   | Entered the Ecumenical Temple
  2792 | Temple   | Became a worshipper of Gozag Ym Sagoz the Greedy
  2806 | D:6      | Noticed Blork the orc
  2820 | D:6      | Killed Blork the orc
  2951 | D:6      | Reached skill level 10 in Unarmed Combat
  2951 | D:6      | Reached XP level 9. HP: 56/75 MP: 8/8
  3368 | D:7      | Got a foxed book
  3373 | D:7      | Learned a level 1 spell: Apportation
  3580 | D:7      | Found a hide-covered altar of Uskayaw.
  3583 | D:7      | Found an iron altar of Okawaru.
  3588 | D:7      | Found a stormy altar of Qazlal.
  3892 | D:7      | Reached skill level 1 in Fighting
  4023 | D:8      | Noticed a two-headed ogre
  4110 | D:8      | Reached skill level 11 in Unarmed Combat
  4223 | D:8      | Killed a two-headed ogre
  4307 | D:8      | Found a radiant altar of Vehumet.
  4701 | D:9      | Reached XP level 10. HP: 76/88 MP: 9/9
  4905 | D:9      | Reached skill level 12 in Unarmed Combat
  5223 | D:9      | Found a staircase to the Lair.
  5370 | D:9      | Found a sparkling altar of Nemelex Xobeh.
  5408 | D:10     | Entered Level 10 of the Dungeon
  6008 | D:10     | Found Neosot's Weapon Shop.
  6022 | D:11     | Noticed a two-headed ogre
  6038 | D:11     | Mangled by a two-headed ogre

Illustrated notes

Levels and vault maps discovered:
D:1:      saegor_arrival_simple_c, layout_basic, minmay_quantized
D:2:      layout_basic, shapermc_ecumenical_altar_rom_forum, uniq_natasha,
          uniq_sigmund
D:3:      layout_basic, gammafunk_ghost_stat_death, grunt_decor_resistance
D:4:      nicolae_cairo_tiling_large_dashed, layout_gridville,
          marbit_many_paths, gammafunk_temple_overflow_statue, corexii_shack
D:5:      layout_basic, mainiacjoe_overflow_surrounded_room,
          pdpol_wu_jian_five_deadly_venoms, minmay_temple_entry_statues_pillars,
          ebering_ghost_disaster_area, nicolae_ossuary_entry_false_entrances,
          eino_tiny_chamber
D:6:      layout_rooms, eino_tiny_chamber, lemuel_flamethrower_2,
          uniq_blork_the_orc
D:7:      layout_loops_ring, grunt_temple_overflow_diamond,
          kennysheep_cluttered_room
D:8:      layout_basic, fiery_altar_vehumet
D:9:      layout_roguey, kennysheep_little_box, david_lair_shrubbed,
          hangedman_decor_lopped, minmay_misc_feat_room,
          kennysheep_generic_room_15
D:10:     nicolae_cairo_tiling, layout_irregular_city, serial_shops, shop
D:11:     layout_rooms, orc_0_dummy, ebering_ghost_reflecting_pool, special_room
          [special_room_orc]
Temple:   nicolae_temple_bog_church

Skill      XL: |  1  2  3  4  5  6  7  8  9 10 |
---------------+-------------------------------+-----
Unarmed Combat | 4 5 6 8 10 11 12 | 12.4
Shapeshifting  | 4 5 6 8 |  8.5
Fighting       | 2 3 |  3.7
Dodging        | 3 4 |  4.0

Action                     |  1- 3 |  4- 6 |  7- 9 | 10-12 || total
---------------------------+-------+-------+-------+-------++-------
  Melee: Unarmed           |    50 |    79 |   238 |   131 ||   498
         Punch             |     2 |       |     9 |     6 ||    17
    Use: Scroll            |     4 |       |     6 |     8 ||    18
   Stab: Sleeping          |       |     1 |     1 |       ||     2
         Distracted        |       |       |     1 |     1 ||     2
 Armour: Animal skin       |    29 |    61 |   200 |    73 ||   363
  Dodge: Dodged            |    17 |    29 |   103 |    40 ||   189
  Block: Other             |       |       |       |     7 ||     7

Table legend: (Time is in decaauts)
 A = Elapsed time spent in this place.
 B = Non-inter-level travel time spent in this place.
 C = Inter-level travel time spent in this place.
 D = Time resting spent in this place.
 E = Time spent auto-exploring this place.
 F = Levels seen in this place.
 G = Mean time per level.
                   A        B        C        D        E       F      G
               +--------+--------+--------+--------+--------+-----+--------+
         Total |   5952 |   5721 |    231 |    339 |   3891 |  13 |  457.8 |
       Dungeon |   5656 |   5425 |    231 |    339 |   3821 |  11 |  514.2 |
        Temple |     12 |     12 |      0 |      0 |      0 |   1 |   12.0 |
       Ossuary |    283 |    283 |      0 |      0 |     70 |   1 |  283.0 |
               +--------+--------+--------+--------+--------+-----+--------+

Top non-repeatable levels by time:
     D:4: 912 daAuts
     D:7: 733 daAuts
     D:9: 698 daAuts
     D:1: 690 daAuts
     D:8: 622 daAuts
    D:10: 598 daAuts
     D:6: 511 daAuts
     D:5: 497 daAuts
 Ossuary: 283 daAuts
     D:3: 250 daAuts
     D:2: 127 daAuts
    D:11: 15 daAuts
  Temple: 12 daAuts
